 Dungeon Crawl Stone Soup version 0.21-a0-404-g291f19a (webtiles) character file.

21 Klosterheim the Skirmisher (level 3, 0/29 HPs)
             Began as a Formicid Abyssal Knight on Oct 28, 2017.
             Was a Follower of Lugonu.
             Slain by a kobold (1 damage)
             ... on level 2 of the Dungeon.
             The game lasted 00:01:21 (985 turns).

Klosterheim the Skirmisher (Formicid Abyssal Knight) Turns: 985, Time: 00:01:22

Health: 0/29       AC:  8    Str: 17    XL:     3   Next: 2%
Magic:  4/4        EV:  7    Int: 11    God:    Lugonu [*.....]
Gold:   52         SH:  0    Dex: 10    Spells: 2/2 levels left

rFire    . . .     SeeInvis +   a - +1 mace
rCold    . . .     Gourm    .   (no shield)
rNeg     . . .     Faith    .   i - +0 chain mail
rPois    .         Spirit   .   (helmet unavailable)
rElec    .         Reflect  .   (no cloak)
rCorr    .         Harm     .   (no gloves)
MR       .....                  (no boots)
Stlth    ..........             (no amulet)
HPRegen  0.09/turn              (no ring)
MPRegen  0.09/turn              (no ring)

@: no status effects
A: permanent stasis, dig shafts and tunnels, four strong arms, antennae 3
a: Dig, Shaft Self, Depart the Abyss, Renounce Religion


You were on level 2 of the Dungeon.
You worshipped Lugonu.
Lugonu was aware of your devotion.
You were not hungry.

You visited 1 branch of the dungeon, and saw 2 of its levels.
You visited the Abyss 1 time.

You collected 52 gold pieces.

Inventory:

Hand Weapons
 a - a +1 mace (weapon)
Armour
 i - a +0 chain mail (worn)
Scrolls
 d - 2 scrolls of identify {unknown}
 e - a scroll of fear {unknown}
 f - 2 scrolls of amnesia {unknown}
Potions
 b - a potion of mutation {unknown}
 h - a potion of heal wounds {unknown}
Comestibles
 c - 2 bread rations
 g - a chunk of flesh


   Skills:
 - Level 3.2 Fighting
 * Level 3.2 Maces & Flails
 - Level 2.1 Armour
 - Level 0.8 Dodging
 - Level 2.1 Invocations


You had 2 spell levels left.
You didn't know any spells.

Dungeon Overview and Level Annotations

Branches:
Dungeon (2/15)

Altars:

Annotations:
D:2 Natasha


Innate Abilities, Weirdness & Mutations

You cannot be hasted, slowed, berserked, paralysed or teleported.
You can dig through walls and to a lower floor.
Your four strong arms can wield two-handed weapons with a shield.
You have a pair of large antennae on your head. (SInv)


Message History

The kobold hits you but does no damage. Natasha claws you!
The kobold hits you but does no damage.
You closely miss Natasha.
Natasha is moderately wounded.
Natasha claws you.
* * * LOW HITPOINT WARNING * * *
The kobold hits you but does no damage. Natasha claws you!
* * * LOW HITPOINT WARNING * * *
You sock Natasha!
Natasha is severely wounded.
The kobold hits you but does no damage. Natasha barely misses you.
You hit Natasha.
Natasha is almost dead.
The kobold hits you but does no damage. Natasha casts a spell at you.
Your stasis prevents you from being slowed.
Your chain mail prevents you from hitting Natasha.
Natasha is almost dead.
The kobold hits you.
You die...

.............#
.............#
.............#
.............#
............#
##.........#
###....Kh....#
........@....#
.###.........#
#.........#
#).......##
#)#<....##
#..##..(.#
...$ ........
..... ........
##....
........


You could see Natasha and a kobold.

Vanquished Creatures
  An adder (D:2)
  3 hobgoblins
  3 kobolds
  A bat (D:1)
  A frilled lizard (D:1)
  4 rats
13 creatures vanquished.

Vanquished Creatures (others)
  4 starspawn tentacles (Abyss:1)
4 creatures vanquished.

Grand Total: 17 creatures vanquished

Notes
Turn   | Place    | Note
-------+----------+-------------------------------------------
     0 | Abyss:1  | Klosterheim the Formicid Abyssal Knight began the quest for the Orb.
     0 | Abyss:1  | Reached XP level 1. HP: 18/18 MP: 2/2
    56 | Abyss:1  | Noticed a smoke demon
    96 | Abyss:1  | Noticed a tentacled starspawn
   118 | D:1      | Escaped the Abyss
   738 | D:1      | Reached XP level 2. HP: 23/24 MP: 3/3
   973 | D:2      | Noticed Natasha
   975 | D:2      | Reached XP level 3. HP: 19/29 MP: 4/4
   982 | D:2      | HP: 1/29 [Natasha (7)]
   985 | D:2      | Slain by a kobold

Vault maps used:
D:1:      minmay_arrival_solitary_statue, minivault_11
D:2:      uniq_natasha, uniq_terence, uniq_crazy_yiuf_cottage
Abyss:1:  lemuel_flamethrower_2

Skill      XL: |  1  2 |
---------------+-------+-----
Maces & Flails | 3 |  3.2
Fighting       | |  3.2
Armour         | |  2.1
Dodging        | |  0.8
Invocations    | |  2.1

Action                   || total
-------------------------++-------
Melee: Mace              ||    53
Armor: Leather armour    ||     7
       Chain mail        ||    36
Dodge: Dodged            ||    29

Table legend:
 A = Spawn XP
 B = Non-spawn XP
 C = Spawn XP percentage of total XP
 D = Spawn monster count
 E = Non-spawn monster count
 F = Spawn count percentage of total count
 G = Total turns spent on level
                    A         B        C        D         E        F      G
               +---------+---------+-------+---------+---------+-------+---------
         Total |       0 |      30 |   0.0 |       0 |      13 |   0.0 |   985
               +---------+---------+-------+---------+---------+-------+---------
           D:1 |       0 |      10 |   0.0 |       0 |       8 |   0.0 |   805
           D:2 |       0 |      20 |   0.0 |       0 |       5 |   0.0 |    62
               +---------+---------+-------+---------+---------+-------+---------
